 Dungeon Crawl Stone Soup version 0.20.0-10-g0535bb4 (webtiles) character file.

2946 Larmestyx the Grappler (level 9, -2/84 HPs)
             Began as a Troll Monk on June 3, 2017.
             Slain by a killer bee (5 damage)
             ... on level 9 of the Dungeon on June 4, 2017.
             The game lasted 01:12:25 (6410 turns).

Larmestyx the Grappler (Troll Monk)                 Turns: 6410, Time: 01:12:25

Health: -2/84      AC:  4    Str: 24    XL:     9   Next: 51%
Magic:  8/8        EV: 12    Int:  6    God:
Gold:   334        SH:  0    Dex: 14    Spells: 8/8 levels left

rFire    . . .     SeeInvis .     - Unarmed
rCold    . . .     Gourm    +   (no shield)
rNeg     + . .     Faith    .   r - +0 robe {rN+}
rPois    .         Spirit   .   (helmet restricted)
rElec    .         Reflect  .   (no cloak)
rCorr    .         Harm     .   (gloves unavailable)
MR       .....                  (boots unavailable)
Stlth    ++........             t - amulet of regeneration
Regen    1.1/turn               (no ring)
MPRegen  0.2/turn               (no ring)

@: lethally poisoned (-2 -> -2)
A: unfitting armour, antennae 1, claws 3, agile 1, deformed body, fast
metabolism 3, gourmand, regeneration 1, shaggy fur 1, tough skin 2, wild magic 1
a: no special abilities


You were on level 9 of the Dungeon.
You were completely stuffed.

You visited 2 branches of the dungeon, and saw 10 of its levels.

You collected 334 gold pieces.

Inventory:

Missiles
 C - 15 stones (quivered)
Armour
 a - a +0 robe
 n - the +4 robe of Leaves {Str+7 Int-4, unknown}
   (You found it on level 4 of the Dungeon)

   It affects your strength (+7).
   It affects your intelligence (-4).
 r - a +0 robe of positive energy (worn)
Jewellery
 i - an uncursed ring of fire
 o - an uncursed amulet of harm
 t - an amulet of regeneration (around neck)
Wands
 p - a wand of paralysis (17/24)
 A - a wand of acid (11/15)
 B - a wand of disintegration (15/24)
Scrolls
 c - 3 scrolls of remove curse
 e - 2 scrolls of magic mapping {unknown}
 j - a scroll of enchant armour {unknown}
 k - 5 scrolls of amnesia
 l - 2 scrolls of teleportation {unknown}
 m - a scroll of identify
 s - 4 scrolls of blinking
 w - a scroll of recharging {unknown}
 z - 2 scrolls of fog {unknown}
 D - a scroll of random uselessness {unknown}
Potions
 d - a potion of heal wounds {unknown}
 q - 2 potions of curing
 x - 2 potions of haste {unknown}
 E - a potion of flight {unknown}
Books
 v - a Young Poisoner's Handbook

   Spells                             Type                      Level
   a - Sting                          Conjuration/Poison           1
   b - Poisonous Vapours              Poison/Air                   2
   c - Mephitic Cloud                 Conjuration/Poison/Air       3
   d - Olgreb's Toxic Radiance        Poison                       4
   e - Venom Bolt                     Conjuration/Poison           5
 y - a book of Clouds

   Spells                             Type                      Level
   a - Poisonous Vapours              Poison/Air                   2
   b - Mephitic Cloud                 Conjuration/Poison/Air       3
   c - Conjure Flame                  Conjuration/Fire             3
   d - Freezing Cloud                 Conjuration/Ice/Air          6
   e - Ring of Flames                 Charms/Fire                  7
Comestibles
 b - 3 bread rations
 f - 4 meat rations
 g - 2 fruits
 h - a royal jelly
 u - 4 chunks of flesh


   Skills:
 * Level 4.0 Fighting
 + Level 4.9 Dodging
 - Level 1.1 Stealth
 * Level 11.7 Unarmed Combat


You had 8 spell levels left.
You didn't know any spells.

Dungeon Overview and Level Annotations

Branches:
Dungeon (9/15)             Temple (1/1) D:6
   Lair: D:8-11         Orc: D:9-12

Altars:
Ashenzari
Cheibriados
Dithmenos
Elyvilon
Fedhas
Gozag
Hepliaklqana
Kikubaaqudgha
Makhleb
Nemelex Xobeh
Qazlal
Ru
Sif Muna
Uskayaw
Vehumet
Xom
Yredelemnul
Zin
The Shining One

Annotations:
D:3 Sigmund
D:4 Edmund


Innate Abilities, Weirdness & Mutations

You are too large for most types of armour.
You have claws for hands.
Your metabolism is lightning-fast.
You like to eat raw meat.
Your natural rate of healing is unusually fast.
You are covered in fur. (AC +1)
You have very tough skin. (AC +2)
You have a pair of small antennae on your head.
You are agile. (Dex +2)
Armour fits poorly on your strangely shaped body.
Your spells are a little harder to cast, but a little more powerful.


Message History

There is a stone staircase leading up here.
You claw the killer bee!
The killer bee is heavily wounded.
The killer bee stings you but does no damage.
The killer bee stings you.
* * * LOW HITPOINT WARNING * * *
The killer bee stings you!
* * * LOW HITPOINT WARNING * * *
The killer bee barely misses you.
You completely miss the killer bee. Your claw misses the killer bee.
The killer bee is heavily wounded.
You feel sick. The killer bee stings you.
* * * LOW HITPOINT WARNING * * *
The killer bee closely misses you.
You miss the killer bee.
The killer bee is heavily wounded.
The killer bee stings you.
* * * LOW HITPOINT WARNING * * *
The killer bee stings you.
You die...

##########
......y..#
.......@.#
........y#
.........#
...$.....#
......<..#
.........#
.........#
.........+


You could see 2 killer bees.

Vanquished Creatures
  The ghost of AltWight the Cleaver, a novice HOFi of the Shining One (D:6)
  Grinder (D:5)
  A hippogriff (D:8)
  A water moccasin (D:7)
  2 black bears (D:7)
  An ogre (D:4)
  A centaur (D:6)
  3 bullfrogs
  A gnoll sergeant (D:6)
  2 scorpions
  3 killer bees (D:8)
  4 wights
  2 crimson imps
  A quasit (D:8)
  3 hounds
  A bullfrog skeleton (D:6)
  A jelly (D:5)
  4 orc priests
  Ijyb (D:3)
  3 iguanas
  8 orc wizards
  3 worker ants
  A hound zombie (D:5)
  A hound skeleton (D:6)
  7 gnolls
  5 adders
  An ooze (D:2)
  4 adder skeletons
  3 adder zombies
  4 worms
  A dart slug (D:1)
  3 leopard geckos
  28 orcs
  6 bats
  5 giant cockroaches
  8 hobgoblins
  2 quokkas
  3 ball pythons
  5 frilled lizards
  12 goblins
  A jackal zombie (D:6)
  4 kobolds
  A leopard gecko zombie (D:6)
  A quokka zombie (D:5)
  6 rats
160 creatures vanquished.

Notes
Turn   | Place    | Note
-------+----------+-------------------------------------------
     0 | D:1      | Larmestyx the Troll Monk began the quest for the Orb.
     0 | D:1      | Reached XP level 1. HP: 22/22 MP: 0/0
   192 | D:1      | Reached XP level 2. HP: 29/29 MP: 1/1
   688 | D:1      | Reached XP level 3. HP: 32/36 MP: 2/2
   762 | D:2      | Reached skill level 4 in Unarmed Combat
   911 | D:2      | Reached XP level 4. HP: 44/44 MP: 3/3
   919 | D:2      | Found a shimmering altar of Xom.
   921 | D:2      | Found a hazy altar of Hepliaklqana.
   921 | D:2      | Noticed a hungry ghost
   925 | D:2      | Noticed a spectral ugly thing
   925 | D:2      | Noticed a hungry ghost
   967 | D:2      | Gained mutation: Your spells are a little harder to cast, but a little more powerful. [potion of mutation]
   967 | D:2      | Gained mutation: You have a pair of small antennae on your head. [potion of mutation]
   967 | D:2      | Gained mutation: Armour fits poorly on your strangely shaped body. [potion of mutation]
   967 | D:2      | Gained mutation: You are agile. (Dex +2) [potion of mutation]
  1311 | D:3      | Noticed Ijyb
  1320 | D:3      | Killed Ijyb
  1408 | D:3      | Noticed Sigmund
  1464 | D:3      | Reached XP level 5. HP: 37/52 MP: 4/4
  1473 | D:2      | Reached skill level 5 in Unarmed Combat
  1858 | D:4      | Noticed an ogre
  1881 | D:4      | Killed an ogre
  1881 | D:4      | Reached XP level 6. HP: 42/59 MP: 5/5
  2137 | D:4      | Got a tattered robe
  2239 | D:4      | Noticed Edmund
  2308 | D:4      | Found a sand-covered staircase.
  2553 | D:4      | Reached skill level 6 in Unarmed Combat
  2556 | D:5      | Entered Level 5 of the Dungeon
  2595 | D:5      | Noticed Grinder
  2603 | D:5      | Paralysed by Grinder for 5 turns
  2627 | D:5      | Paralysed by Grinder for 3 turns
  2639 | D:5      | Killed Grinder
  2639 | D:5      | Reached skill level 7 in Unarmed Combat
  2639 | D:5      | Reached XP level 7. HP: 24/67 MP: 6/6
  3292 | D:5      | Found a blossoming altar of Fedhas.
  3348 | D:6      | Noticed AltWight's ghost (novice HOFi)
  3436 | D:6      | Reached skill level 8 in Unarmed Combat
  3956 | D:7      | Reached XP level 8. HP: 75/75 MP: 7/7
  3992 | D:7      | HP: 3/75 [iguana (12)]
  4205 | D:7      | Reached skill level 9 in Unarmed Combat
  4629 | D:6      | Killed AltWight's ghost
  4629 | D:6      | Reached skill level 10 in Unarmed Combat
  4772 | D:6      | Reached XP level 9. HP: 83/83 MP: 8/8
  4788 | D:6      | Found a staircase to the Ecumenical Temple.
  4888 | Temple   | Entered the Ecumenical Temple
  5029 | D:6      | Found a sparkling altar of Nemelex Xobeh.
  5546 | D:7      | Found a burning altar of Makhleb.
  5548 | D:7      | Found a glowing silver altar of Zin.
  5548 | D:7      | Noticed an angel
  5548 | D:7      | Noticed a balrug
  5632 | D:7      | Reached skill level 11 in Unarmed Combat
  5961 | D:8      | Found a shattered altar of Ashenzari.
  6177 | D:8      | Found a flagged portal.
  6410 | D:9      | HP: 3/84 [killer bee (4)]
  6410 | D:9      | Slain by a killer bee

Skill      XL: |  1  2  3  4  5  6  7  8  9 |
---------------+----------------------------+-----
Dodging        | 3 4 |  4.9
Unarmed Combat | 4 5 7 8 10 11 | 11.7
Fighting       | 3 4 |  4.0
Stealth        | |  1.1

Action                   |  1- 3 |  4- 6 |  7- 9 || total
-------------------------+-------+-------+-------++-------
Melee: Unarmed           |    66 |   127 |   264 ||   457
       Punch             |       |     2 |    15 ||    17
  Use: Potion            |       |     2 |     1 ||     3
       Scroll            |       |       |     4 ||     4
 Stab: Sleeping          |     3 |     2 |     3 ||     8
  Eat: Chunk             |    14 |    11 |    39 ||    64
Armor: Robe              |    11 |    32 |    43 ||    86
Dodge: Dodged            |    33 |    58 |   130 ||   221
